 Dungeon Crawl Stone Soup version 0.18-a0-1702-gd20c6a5 (webtiles) character file.

121 Ijustatesigmund the Sneak (level 5, -1/31 HPs)
             Began as an Octopode Wizard on Apr 7, 2016.
             Slain by an orc
             ... wielding a +0 dagger
              (3 damage)
             ... on level 3 of the Dungeon.
             The game lasted 00:07:00 (2817 turns).

Ijustatesigmund the Sneak (Octopode Wizard)         Turns: 2817, Time: 00:07:00

Health: -1/31      AC:  1    Str:  6    XL:     5   Next: 5%
Magic:  1/9        EV: 12    Int: 21    God:
Gold:   92         SH:  0    Dex: 11    Spells: 3 memorised, 5 levels left

rFire  . . .     SeeInvis .     j - +0 short sword
rCold  . . .     Gourm    .     (no shield)
rNeg   . . .     Faith    .     a - +0 hat
rPois  .         Spirit   .     (no amulet)
rElec  .         Dismiss  .     (no ring)
rCorr  .         Reflect  .     (no ring)
SustAt .         Harm     .     (no ring)
MR     .....                    (no ring)
Stlth  ++++......               (no ring)
                                (no ring)
                                (no ring)
                                (no ring)

@: very slightly contaminated, hasted, very quick, not resistant to hostile
enchantments, stealthy
A: almost no armour, amphibious, 8 rings, constrict 8, camouflage 1, gelatinous
body 1
a: no special abilities


You were on level 3 of the Dungeon.
You were not hungry.

You visited 1 branch of the dungeon, and saw 3 of its levels.

You collected 92 gold pieces.

Inventory:

Hand Weapons
 j - a +0 short sword (weapon)
 k - a +1 vampiric dagger
 l - a +2 hand crossbow of flaming
Missiles
 e - 3 poisoned needles
 f - 14 bolts
 i - 5 javelins (quivered)
Armour
 a - a +0 hat (worn)
Scrolls
 g - 3 scrolls of remove curse
 n - a scroll of fog
Potions
 h - 3 potions of agility
Books
 b - a book of Minor Magic

   Spells                             Type                      Level
   a - Magic Dart                     Conjuration                  1
   b - Blink                          Translocation                2
   c - Call Imp                       Summoning                    2
   d - Repel Missiles                 Charms/Air                   2
   e - Slow                           Hexes                        2
   f - Conjure Flame                  Conjuration/Fire             3
   g - Mephitic Cloud                 Conjuration/Poison/Air       3
Comestibles
 c - a meat ration
 m - 2 bread rations


   Skills:
 + Level 2.4 Short Blades
 - Level 2.0 Dodging
 + Level 4.2 Stealth
 - Level 3.0 Spellcasting
 - Level 3.0 Conjurations
   Level 1.0 Summonings
 - Level 1.0 Translocations


You had 5 spell levels left.
You knew the following spells:

 Your Spells              Type           Power        Failure   Level  Hunger
a - Magic Dart            Conj           ###.         4%          1    None
b - Blink                 Tloc           N/A          14%         2    ##.....
c - Repel Missiles        Chrm/Air       #.....       21%         2    ##.....


Dungeon Overview and Level Annotations

Branches:
Dungeon (3/15)

Altars:
Pakellas
Qazlal
Sif Muna
Xom
Yredelemnul

Annotations:
D:2 Crazy Yiuf


Innate Abilities, Weirdness & Mutations

You cannot wear most types of armour.
You are amphibious.
You can wear up to eight rings at the same time.
You can use your tentacles to constrict eight enemies at once.
Your skin changes colour to match your surroundings (Stealth).
Your rubbery body absorbs attacks (AC +1).


Message History

You closely miss the orc wizard. You grab the orc wizard.
The orc wizard is heavily wounded.
You constrict the orc wizard, but do no damage.
You hit the orc wizard but do no damage.
The orc wizard is heavily wounded.
You constrict the orc wizard, but do no damage.
The orc wizard closely misses you. The orc misses you.
You hit the orc wizard but do no damage.
The orc wizard is heavily wounded.
You constrict the orc wizard. The orc wizard hits you with a dagger.
* * * LOW HITPOINT WARNING * * *
The orc barely misses you.
You hit the orc wizard. You squeeze the orc wizard.
The orc wizard is almost dead.
You constrict the orc wizard. You barely miss the orc wizard.
The orc wizard is almost dead.
You constrict the orc wizard. The orc wizard closely misses you.
The orc hits you with a dagger.
You die...

.....##........#†...#.##.########
.....##........#....#.##.........
.....##........# +##.###########
.....##........# #.##.# #.
.....##........##..##.# ########.
.....##...............# #........
##..........####.####.# #.#####..
##########.##.....##.###.# #..
#)..#...@...#.....# #..
#.#.#..oo...#.....# #..
##.###'......_.........# #..
.##.......#...)...#.....# #..
.>#.......#.......#.##### #..
##.......##.....##.#
#.......####.####.#
#.......(.........#
#####............#.####


You could see an orc wizard and an orc.

Vanquished Creatures
  Natasha (D:2)
  3 adders
  A dart slug (D:1)
  A giant gecko (D:1)
  5 orcs
  6 bats
  5 giant cockroaches
  5 goblins
  4 hobgoblins
  10 jackals
  A quokka (D:2)
  4 giant newts
  5 kobolds
  7 rats
58 creatures vanquished.

Notes
Turn   | Place    | Note
--------------------------------------------------------------
     0 | D:1      | Ijustatesigmund the Octopode Wizard began the quest for the Orb.
     0 | D:1      | Reached XP level 1. HP: 11/11 MP: 4/4
   200 | D:1      | Reached XP level 2. HP: 13/17 MP: 0/6
   485 | D:1      | Learned a level 2 spell: Blink
   488 | D:1      | Learned a level 2 spell: Repel Missiles
   880 | D:1      | Reached XP level 3. HP: 21/21 MP: 3/7
  1380 | D:2      | Found a deep blue altar of Sif Muna.
  1420 | D:2      | Found a stormy altar of Qazlal.
  1629 | D:2      | Reached skill level 3 in Stealth
  1659 | D:2      | Noticed Natasha
  1665 | D:2      | Killed Natasha
  1665 | D:2      | Reached skill level 1 in Short Blades
  1665 | D:2      | Reached XP level 4. HP: 25/27 MP: 0/8
  1782 | D:2      | Found a shimmering altar of Xom.
  1783 | D:2      | Found a shimmering altar of Xom.
  1784 | D:2      | Found a shimmering altar of Xom.
  1785 | D:2      | Found a shimmering altar of Xom.
  1901 | D:2      | Noticed Crazy Yiuf
  1944 | D:3      | Found a basalt altar of Yredelemnul.
  2439 | D:3      | Reached skill level 4 in Stealth
  2578 | D:3      | Found an oddly glowing altar of Pakellas.
  2599 | D:2      | Reached XP level 5. HP: 31/31 MP: 1/9
  2817 | D:3      | Slain by an orc

Vault maps used:
D:1:      sevenhm_arrival_forest_fort_small_3
D:2:      xom_redecorated, lemuel_doored_altar, first_bread, led_sif_pool,
          uniq_natasha, uniq_crazy_yiuf_cottage
D:3:      nicolae_overflow_hidden_temple, lemuel_crystal_altar,
          old_standard_altar

Skill      XL: |  1  2  3  4 |
---------------+-------------+-----
Conjurations   | 2 3 |  3.0
Stealth        | 3 4 |  4.2
Short Blades   | 1 2 |  2.4
Dodging        | |  2.0
Spellcasting   | |  3.0
Summonings     | |  1.0
Translocations | |  1.0

Action                   |  1- 3 |  4- 6 || total
-------------------------+-------+-------++-------
Melee: Unarmed           |    22 |       ||    22
       Short sword       |     3 |    38 ||    41
Throw: Javelin           |       |     2 ||     2
 Cast: Magic Dart        |    68 |    42 ||   110
       Repel Missiles    |     1 |       ||     1
  Use: Potion            |     2 |     1 ||     3
       Scroll            |     4 |     3 ||     7
 Stab: Sleeping          |     1 |     6 ||     7
  Eat: Bread ration      |     1 |       ||     1
       Chunk             |       |     1 ||     1
